 Dungeon Crawl Stone Soup version 0.29-a0-284-gf9362112df (webtiles) character file.

Game seed: 15605102173935994529

2564 Rennog the Covert (level 9, -11/51 HPs)
             Began as an Octopode Fire Elementalist on Mar 17, 2022.
             Mangled by a six-headed hydra (16 damage)
             ... on level 7 of the Dungeon.
             The game lasted 00:13:13 (8382 turns).

Rennog the Covert (Octopode Fire Elementalist)      Turns: 8382, Time: 00:13:14

Health: -11/51     AC:  1    Str: 13    XL:     9   Next: 57%
Magic:  6/17       EV: 15    Int: 19    God:
Gold:   274        SH:  0    Dex: 15    Spells: 16/19 levels left

rFire   . . .      SeeInvis .   t - staff of conjuration
rCold   . . .      Faith    .   (no shield)
rNeg    + . .      Spirit   .   (helmet restricted)
rPois   .          Reflect  .   (no amulet)
rElec   .          Harm     .   p - +6 ring of strength
rCorr   .          Rampage  .   s - ring of positive energy
Will    .....                   (no ring)
Stlth   +++++.....              (no ring)
HPRegen 0.17/turn               (no ring)
MPRegen 0.15/turn               (no ring)
                                (no ring)
                                (no ring)

@: very slightly contaminated
A: almost no armour, amphibious, 8 rings, camouflage 1, gelatinous body 1,
(nimble swimmer 1), tentacles
a: no special abilities


You were on level 7 of the Dungeon.
You visited 2 branches of the dungeon, and saw 8 of its levels.

You collected 274 gold pieces.

Inventory:

Missiles
 w - a throwing net
Magical Staves
 t - a staff of conjuration (weapon)
Jewellery
 f - a ring of ice
 p - a +6 ring of strength (left tentacle)
 s - a ring of positive energy (right tentacle)
 x - an amulet of faith
Wands
 y - a wand of acid (5)
 z - a wand of flame (16)
Scrolls
 b - 4 scrolls of identify
 c - 4 scrolls of vulnerability
 d - a scroll of enchant armour {unknown}
 g - a scroll of holy word {unknown}
 h - a scroll of acquirement {unknown}
 i - 2 scrolls of teleportation
 j - a scroll of magic mapping {unknown}
 k - 2 scrolls of enchant weapon {unknown}
 m - 2 scrolls of amnesia {unknown}
 u - 2 scrolls of blinking {unknown}
Potions
 a - 4 potions of magic
 e - a potion of lignification {unknown}
 l - a potion of mutation {unknown}
 n - a potion of might {unknown}
 o - 2 potions of berserk rage {unknown}
 q - 2 potions of curing {unknown}
 r - a potion of heal wounds {unknown}
 v - a potion of degeneration {unknown}
 A - a potion of haste {unknown}
 B - a potion of attraction {unknown}


   Skills:
 + Level 5.8 Dodging
 + Level 8.2 Stealth
 + Level 5.9 Spellcasting
 + Level 5.5 Conjurations
 + Level 6.4 Fire Magic


You had 16 spell levels left.
You knew the following spells:

 Your Spells              Type           Power      Damage    Failure   Level
a - Foxfire               Conj/Fire      100%       2x1d9     1%          1
b - Scorch                Fire           60%        2d8       1%          2

Your spell library contained the following spells:

 Spells                   Type           Power      Damage    Failure   Level
 Conjure Flame            Conj/Fire      42%        6-21      3%          3
 Inner Flame              Hex/Fire       17%        N/A       9%          3
 Flame Wave               Conj/Fire      42%        2d9       10%         4
 Corpse Rot               Necr/Air       10%        N/A       17%         2
 Dispel Undead            Necr           5%         3d7       75%         4
 Death Channel            Necr           2%         N/A       100%        6


Dungeon Overview and Level Annotations

Branches:
Dungeon (7/15)             Temple (1/1) D:6

Altars:
Ashenzari
Dithmenos
Elyvilon
Fedhas
Gozag
Kikubaaqudgha
Makhleb
Nemelex Xobeh
Sif Muna
Uskayaw
Vehumet
Xom
Zin
The Shining One

Shops:
D:7 (

Annotations:
D:4 2 transporters, indyram44's ghost, weakling DsDe
D:7 Maggie


Innate Abilities, Weirdness & Mutations

You cannot wear most types of armour.
You are amphibious.
You can wear up to eight rings at the same time.
Your skin changes colour to match your surroundings (Stealth+).
Your rubbery body absorbs attacks. (AC +1, EV +1)
((You are camouflaged when in or above water. (Stealth+)))
You have tentacles for arms and can constrict up to eight enemies at once.


Message History

The six-headed hydra is moderately wounded.
Casting: Foxfire (safe; 1% risk of failure)
Confirm with . or Enter, or press ? or * to list all spells.
Flames lash the six-headed hydra.
The six-headed hydra is heavily wounded.
The six-headed hydra's fire resistance burns away.
The foxfire hits the six-headed hydra.
The six-headed hydra is heavily wounded.
The foxfire hits the six-headed hydra!
The six-headed hydra is burned terribly!
The six-headed hydra is severely wounded.
Casting: Scorch (safe; 1% risk of failure)
Confirm with . or Enter, or press ? or * to list all spells.
Flames lash the six-headed hydra.
The six-headed hydra is burned terribly!
The six-headed hydra is severely wounded.
The six-headed hydra closely misses you.
The six-headed hydra bites you.
The six-headed hydra completely misses you.
The six-headed hydra barely misses you. The six-headed hydra bites you!
The six-headed hydra completely misses you.
Casting: Scorch (safe; 1% risk of failure)
Confirm with . or Enter, or press ? or * to list all spells.
Flames lash the six-headed hydra.
The six-headed hydra is burned terribly!
The six-headed hydra is almost dead.
The six-headed hydra bites you. The six-headed hydra misses you.
The six-headed hydra bites you.
The six-headed hydra bites you but does no damage.
The six-headed hydra barely misses you. The six-headed hydra bites you.
Casting: Scorch (safe; 1% risk of failure)
Confirm with . or Enter, or press ? or * to list all spells.
Flames lash the six-headed hydra.
The six-headed hydra is burned terribly!
The six-headed hydra is almost dead.
The six-headed hydra bites you. x2; The six-headed hydra barely misses you.
The six-headed hydra bites you. The six-headed hydra bites you!
* * * LOW HITPOINT WARNING * * *
The six-headed hydra bites you!
You die...

......## ##.....# .......##
#...... .5.J....## ##.....#
..5F.....# #......#
..........# ##......#
..@......... #......#
.............#......##
.....................##
.........g>.....@.....###
...............D####....###
...............# ###....###
............## ###....##
.............# ###...###
.............## ##....##
...D.)........# ###....
#............# ###.. #
#............### ##.


You could see a six-headed hydra (combustible) and a gnoll.

Vanquished Creatures
  Pikel (D:7)
  Menkaure (D:7)
  An orc warrior (D:6)
  An ice beast (D:6)
  3 sky beasts
  2 black bears
  An ogre (D:5)
  2 lemures (D:7)
  2 bullfrogs
  A gnoll sergeant (D:7)
  4 necrophages
  A scorpion (D:4)
  3 jellies
  4 hounds
  Crazy Yiuf (D:4)
  3 orc priests
  Jessica (D:3)
  4 iguanas
  4 orc wizards
  2 gnolls (D:7)
  10 adders
  A shadow imp (D:6)
  An ufetubus (D:6)
  2 dart slugs
  16 orcs
  3 endoplasms (D:1)
  A giant cockroach (D:2)
  7 goblins
  5 hobgoblins
  3 jackals (D:4)
  2 quokkas
  7 ball pythons
  9 bats
  5 frilled lizards
  3 kobolds
  7 rats
124 creatures vanquished.

Vanquished Creatures (others)
  474 foxfires
474 creatures vanquished.

Grand Total: 598 creatures vanquished

Notes
Turn   | Place    | Note
-------+----------+-------------------------------------------
     0 | D:1      | Rennog the Octopode Fire Elementalist began the quest for
                  | the Orb.
     0 | D:1      | Reached XP level 1. HP: 11/11 MP: 3/3
   520 | D:1      | Reached XP level 2. HP: 17/17 MP: 0/5
  1128 | D:2      | Reached XP level 3. HP: 21/21 MP: 1/6
  1236 | D:2      | Found a broken altar of Ashenzari.
  1300 | D:2      | Found a faded altar of an unknown god.
  1661 | D:2      | Reached XP level 4. HP: 27/27 MP: 4/8
  1732 | D:2      | Learned a level 2 spell: Scorch
  2790 | D:3      | Noticed Jessica
  2796 | D:3      | Killed Jessica
  2797 | D:3      | Reached skill level 3 in Stealth
  3452 | D:4      | Reached XP level 5. HP: 31/31 MP: 4/10
  3564 | D:4      | Found a transporter.
  3591 | D:4      | Noticed indyram44's ghost (weakling DsDe)
  3592 | D:4      | Found a transporter.
  3596 | D:4      | Noticed an ogre
  3850 | D:4      | Reached skill level 4 in Stealth
  3850 | D:4      | Reached XP level 6. HP: 35/36 MP: 4/11
  4295 | D:4      | You fall into a shaft and drop 3 floors!
  4295 | D:7      | Noticed Maggie
  4295 | D:7      | Noticed Pikel
  4299 | D:7      | Noticed Menkaure
  4301 | D:7      | Found a broken altar of Ashenzari.
  4549 | D:6      | Reached XP level 7. HP: 41/41 MP: 6/12
  4675 | D:6      | Reached skill level 5 in Stealth
  4771 | D:5      | Entered Level 5 of the Dungeon
  5125 | D:5      | Reached skill level 5 in Fire Magic
  5125 | D:5      | Reached XP level 8. HP: 45/46 MP: 7/14
  5487 | D:5      | Reached skill level 6 in Stealth
  5563 | D:5      | Noticed a +0 hand axe
  5563 | D:5      | Noticed a +0 dagger
  5567 | D:5      | Found a hide-covered altar of Uskayaw.
  6182 | D:4      | Found a runed translucent door.
  6183 | D:4      | Noticed Crazy Yiuf
  6190 | D:4      | Killed Crazy Yiuf
  6533 | D:6      | Reached skill level 5 in Spellcasting
  6868 | D:6      | Reached skill level 7 in Stealth
  6920 | D:6      | Found a staircase to the Ecumenical Temple.
  6933 | D:6      | Reached skill level 5 in Dodging
  6943 | Temple   | Entered the Ecumenical Temple
  7463 | D:6      | Reached XP level 9. HP: 47/51 MP: 7/16
  7826 | D:7      | Killed Pikel
  7827 | D:7      | Reached skill level 8 in Stealth
  7827 | D:7      | Reached skill level 5 in Conjurations
  8160 | D:7      | Noticed a six-headed hydra
  8171 | D:7      | Killed Menkaure
  8311 | D:7      | Found Xili's Weapon Boutique.
  8382 | D:7      | Mangled by a six-headed hydra

Illustrated notes

Levels and vault maps discovered:
D:1:      tarquinn_simple_flora_water_d, layout_basic
D:2:      layout_basic, basic_altar, basic_ecumenical_altar
D:3:      layout_loops_corners, uniq_jessica
D:4:      layout_loops_ring, gammafunk_ghost_arena, chequers_decorated_corner,
          uniq_crazy_yiuf_cottage
D:5:      layout_loops_ring, dancing_weapons_uskayaw
D:6:      layout_gridville, minmay_temple_entry_antechambers,
          amcnicky_mini_pool_small
D:7:      layout_cave_pods, mainiacjoe_overflow_chevrons, serial_shops, shop,
          uniq_menkaure, uniq_maggie, uniq_pikel
Temple:   minmay_temple_bridge_abc

Skill      XL: |  1  2  3  4  5  6  7  8  9 |
---------------+----------------------------+-----
Spellcasting   | 3 4 5 |  5.9
Stealth        | 3 4 5 7 8 |  8.2
Conjurations   | 2 3 4 5 |  5.5
Fire Magic     | 4 5 6 |  6.4
Dodging        | 3 4 5 |  5.8

Action                   |  1- 3 |  4- 6 |  7- 9 || total
-------------------------+-------+-------+-------++-------
Melee: Unarmed           |     4 |     6 |       ||    10
       Constrict         |     2 |     4 |       ||     6
       Tentacles         |     2 |     4 |       ||     6
       Staff             |       |     9 |       ||     9
       Punch             |       |     1 |       ||     1
 Cast: Foxfire           |    78 |    46 |   142 ||   266
       Scorch            |       |    31 |    63 ||    94
  Use: Scroll            |       |     2 |       ||     2
 Stab: Sleeping          |       |     2 |       ||     2
Armor: Skin              |     1 |     7 |     1 ||     9
Dodge: Dodged            |     9 |    23 |    27 ||    59

Table legend: (Time is in decaauts)
 A = Elapsed time spent in this place.
 B = Non-inter-level travel time spent in this place.
 C = Inter-level travel time spent in this place.
 D = Time resting spent in this place.
 E = Time spent auto-exploring this place.
 F = Levels seen in this place.
 G = Mean time per level.
                   A        B        C        D        E       F      G
               +--------+--------+--------+--------+--------+-----+--------+
         Total |   8386 |   8008 |    378 |    301 |   6811 |   8 | 1048.2 |
       Dungeon |   8145 |   7840 |    305 |    301 |   6651 |   7 | 1163.6 |
        Temple |    240 |    167 |     73 |      0 |    160 |   1 |  240.0 |
               +--------+--------+--------+--------+--------+-----+--------+

Top non-repeatable levels by time:
     D:6: 1574 daAuts
     D:5: 1259 daAuts
     D:3: 1164 daAuts
     D:1: 1123 daAuts
     D:4: 1081 daAuts
     D:2: 1051 daAuts
     D:7: 890 daAuts
  Temple: 240 daAuts
